 Dungeon Crawl Stone Soup version 0.23.2-11-gf996548c65 (webtiles) character file.

Game seed: 5938723657791780719

1782 Gazerockf the Grappler (level 8, -2/87 HPs)
             Began as a Troll Monk on June 1, 2019.
             Was a Believer of Ru.
             Slain by Duvessa
             ... wielding a +0 short sword
              (11 damage)
             ... on level 6 of the Dungeon on June 4, 2019.
             The game lasted 00:15:05 (3610 turns).

Gazerockf the Grappler (Troll Monk)                 Turns: 3610, Time: 00:15:05

Health: -2/87      AC:  9    Str: 22    XL:     8   Next: 81%
Magic:  7/7        EV: 13    Int:  6    God:    Ru [**....]
Gold:   273        SH:  0    Dex: 12    Spells: 7/7 levels left

rFire    . . .     SeeInvis .     - Unarmed
rCold    . . .     Gourm    +   (no shield)
rNeg     . . .     Faith    +   a - +0 robe
rPois    .         Spirit   .   (helmet restricted)
rElec    .         Reflect  .   r - +2 cloak
rCorr    .         Harm     .   (gloves unavailable)
MR       .....                  (boots unavailable)
Stlth    +++.......             c - amulet of faith
HPRegen  0.64/turn              d - +3 ring of evasion
MPRegen  0.10/turn              t - ring of stealth

@: no status effects
A: large, unfitting armour, claws 3, fast metabolism 3, gourmand, regeneration
1, shaggy fur 1, tough skin 3, hated by all, no conjurations magic, no poison
magic, no transmutations magic
a: Renounce Religion


You were on level 6 of the Dungeon.
You worshipped Ru.
Ru was pleased with you.
You were very full.

You visited 1 branch of the dungeon, and saw 6 of its levels.

You collected 273 gold pieces.

Inventory:

Armour
 a - a +0 robe (worn)
 j - a +0 robe
 k - a cursed +0 robe
 r - a +2 cloak (worn)
 u - a +1 ring mail of poison resistance
Jewellery
 c - an amulet of faith (around neck)
 d - a +3 ring of evasion (left claw)
 e - an uncursed ring of protection from fire
 l - a cursed amulet of inaccuracy
 t - a ring of stealth (right claw)
Wands
 h - a wand of iceblast (7)
 y - a wand of random effects (19)
Scrolls
 n - 2 scrolls of identify
 p - 2 scrolls of teleportation {unknown}
 v - a scroll of amnesia {unknown}
 w - 2 scrolls of remove curse
 x - a scroll of magic mapping {unknown}
 A - a scroll of fear {unknown}
Potions
 f - 2 potions of brilliance {unknown}
 g - a potion of berserk rage
 i - 2 potions of haste {unknown}
 q - a potion of curing {unknown}
 s - a potion of might {unknown}
Comestibles
 b - 9 rations
 z - 12 chunks of flesh


   Skills:
 + Level 7.2 Fighting
 - Level 2.4 Dodging
 - Level 1.0 Stealth
 + Level 8.6 Unarmed Combat


You had 7 spell levels left.
You didn't know any spells.
Your spell library contained the following spells:

 Spells                   Type           Power        Failure   Level  Hunger
 Blink                    Tloc           N/A          58%         2    ###....
 Slow                     Hex            #.......     58%         2    ###....
 Magic Dart               Conj           Unusable     N/A         1    N/A
 Call Imp                 Summ           Unusable     N/A         2    N/A
 Conjure Flame            Conj/Fire      Unusable     N/A         3    N/A
 Mephitic Cloud           Conj/Pois/Air  Unusable     N/A         3    N/A

Dungeon Overview and Level Annotations

Branches:
Dungeon (6/15)
 Temple: D:4-7

Altars:
Makhleb
Ru

Annotations:
D:6 Dowan, Duvessa


Innate Abilities, Weirdness & Mutations

You are too large for most types of armour.
You have claws for hands.
Your metabolism is lightning-fast.
You like to eat raw meat.
Your natural rate of healing is unusually fast.
You are covered in fur. (AC +1)
You have extremely tough skin. (AC +3)
You are hated by all.
You cannot study or cast Conjurations magic.
You cannot study or cast Poison magic.
You cannot study or cast Transmutations magic.


Message History

* * * LOW HITPOINT WARNING * * *
Duvessa hits you but does no damage.
Dowan zaps a wand.
The puff of flame hits you.
* * * LOW HITPOINT WARNING * * *
The phantom is stunned by your will and fails to attack.
Dowan mumbles some strange words.
Dowan blinks!
The phantom blinks!
Duvessa looks more energetic.
The phantom blinks!
Duvessa closely misses you. The ogre closely misses you.
Duvessa closely misses you. Duvessa barely misses you.
Duvessa gestures with her weapon.
Duvessa hits you with a +0 short sword!
* * * LOW HITPOINT WARNING * * *
Duvessa hits you but does no damage.
There is a stone staircase leading up here.
You can't go down here!
Duvessa hits you with a +0 short sword!
You die...

### .. .. ##.######
.##...
####..#..#.###.......
#.#.........#.......#
##.#.................#
#.....................
#..#.@e...............
##.#..O...............
#####................
#.................
##..)##.#...).....
##...#..#.........
#.......#.[.....[.
###..##.###.......
##................


You could see Duvessa and an ogre.

Vanquished Creatures
  The ghost of hittemvvvhard the Cleaver, a novice HOCK of Xom (D:5)
  Edmund (D:6)
  2 ogres
  Blork the orc (D:6)
  A bullfrog (D:4)
  A scorpion (D:4)
  A crimson imp (D:5)
  A bullfrog zombie (D:4)
  4 hounds
  2 orc priests
  2 jellies (D:5)
  9 orc wizards
  2 bullfrog skeletons
  An iguana (D:4)
  2 worker ants (D:4)
  A hound zombie (D:5)
  6 gnolls
  10 adders
  2 oozes
  4 worms
  3 dart slugs
  6 leopard geckos
  11 orcs
  6 giant cockroaches
  12 goblins
  9 hobgoblins
  10 jackals
  4 quokkas
  2 ball pythons
  4 bats
  8 frilled lizards
  A jackal skeleton (D:5)
  13 kobolds
  A leopard gecko skeleton (D:5)
  9 rats
153 creatures vanquished.

Notes
Turn   | Place    | Note
-------+----------+-------------------------------------------
     0 | D:1      | Gazerockf the Troll Monk began the quest for the Orb.
     0 | D:1      | Reached XP level 1. HP: 22/22 MP: 0/0
     0 | D:1      | Upgraded the game from 0.23.2-1-ga50397a to
                  | 0.23.2-11-gf996548c65
   187 | D:1      | Reached XP level 2. HP: 29/29 MP: 1/1
   512 | D:2      | Reached XP level 3. HP: 37/37 MP: 2/2
   835 | D:2      | Reached skill level 4 in Unarmed Combat
   857 | D:2      | Reached XP level 4. HP: 39/45 MP: 3/3
   959 | D:2      | Found a faded altar of an unknown god.
   967 | D:2      | Became a worshipper of Ru the Awakened
   976 | D:2      | Gained mutation: You are hated by all. [Ru sacrifice]
   976 | D:2      | Reached * piety under Ru
  1185 | D:3      | Reached XP level 5. HP: 52/54 MP: 4/4
  1272 | D:3      | Reached skill level 5 in Unarmed Combat
  1844 | D:4      | Reached XP level 6. HP: 58/63 MP: 5/5
  2000 | D:4      | HP: 3/63 [gnoll/+0 spear (4)]
  2269 | D:4      | Reached skill level 5 in Fighting
  2269 | D:4      | Reached skill level 6 in Unarmed Combat
  2269 | D:4      | Reached XP level 7. HP: 62/72 MP: 6/6
  2836 | D:5      | Entered Level 5 of the Dungeon
  3010 | D:5      | Found a burning altar of Makhleb.
  3124 | D:5      | Reached skill level 7 in Unarmed Combat
  3196 | D:5      | Gained mutation: You cannot study or cast Poison magic. [Ru
                  | sacrifice]
  3196 | D:5      | Gained mutation: You cannot study or cast Transmutations
                  | magic. [Ru sacrifice]
  3196 | D:5      | Gained mutation: You cannot study or cast Conjurations
                  | magic. [Ru sacrifice]
  3196 | D:5      | Reached ** piety under Ru
  3304 | D:5      | Found a runed translucent gate.
  3305 | D:5      | Found a runed translucent gate.
  3305 | D:5      | Found a runed translucent gate.
  3307 | D:5      | Noticed hittemvvvhard's ghost (novice HOCK)
  3331 | D:5      | Reached XP level 8. HP: 83/83 MP: 7/7
  3347 | D:5      | Killed hittemvvvhard's ghost
  3491 | D:6      | Reached skill level 8 in Unarmed Combat
  3517 | D:6      | Noticed Edmund
  3519 | D:6      | Noticed Blork the orc
  3524 | D:6      | Killed Edmund
  3530 | D:6      | Killed Blork the orc
  3565 | D:6      | Noticed Duvessa
  3568 | D:6      | Noticed Dowan
  3610 | D:6      | Slain by Duvessa

Skill      XL: |  1  2  3  4  5  6  7  8 |
---------------+-------------------------+-----
Fighting       | 3 4 5 6 7 |  7.2
Unarmed Combat | 4 5 6 7 8 |  8.6
Dodging        | |  2.4
Stealth        | |  1.0

Action                   |  1- 3 |  4- 6 |  7- 9 || total
-------------------------+-------+-------+-------++-------
Melee: Unarmed           |   127 |   185 |   154 ||   466
       Punch             |     2 |     4 |     6 ||    12
Invok: Sacrifice Love    |       |     1 |       ||     1
       Sacrifice Arcana  |       |       |     1 ||     1
  Use: Scroll            |     3 |     3 |     3 ||     9
 Stab: Sleeping          |     4 |     2 |     5 ||    11
       Invisible         |       |       |     2 ||     2
  Eat: Chunk             |    13 |     9 |    16 ||    38
Armor: Robe              |    63 |    57 |    48 ||   168
Dodge: Dodged            |   117 |   124 |    89 ||   330
